 Dungeon Crawl Stone Soup version 0.30-a0-21-g5d08c37080 (webtiles) character file.

Game seed: 4848893515883724648

5189 Nedwor the Cleaver (level 10, -1/90 HPs)
             Began as a Minotaur Gladiator on Aug 24, 2022.
             Was the Champion of Uskayaw.
             Slain by a death yak (4 damage)
             ... on level 8 of the Dungeon.
             The game lasted 00:10:58 (9789 turns).

Nedwor the Cleaver (Minotaur Gladiator)             Turns: 9789, Time: 00:10:58

Health: -1/90      AC: 13    Str: 23    XL:     10   Next: 34%
Magic:  9/9        EV: 11    Int:  5    God:    Uskayaw [******]
Gold:   312        SH:  0    Dex: 12    Spells: 9/9 levels left

rFire   . . .      SeeInvis .    a - +1 war axe
rCold   + . .      Faith    .    (no shield)
rNeg    . . .      Spirit   .    p - +0 chain mail
rPois   .          Reflect  .    c - +0 hat
rElec   .          Harm     .    n - +1 cloak
rCorr   .          Rampage  .    (no gloves)
Will    .....                    (no boots)
Stlth   ..........               k - amulet of the acrobat
HPRegen 0.25/turn                g - ring of protection from cold
MPRegen 0.11/turn                (no ring)

@: mighty
A: horns 2, retaliatory headbutt
a: Renounce Religion, Stomp, Line Pass, Grand Finale


You were on level 8 of the Dungeon.
You worshipped Uskayaw.
Uskayaw was noncommittal.
You visited 2 branches of the dungeon, and saw 9 of its levels.
You also visited: Sewer.

You collected 312 gold pieces.

Inventory:

Hand Weapons
 a - a +1 war axe (weapon)
Missiles
 d - 3 throwing nets (quivered)
 e - a javelin
Armour
 c - a +0 hat (worn)
 n - a +1 cloak (worn)
 p - a +0 chain mail (worn)
Jewellery
 g - a ring of protection from cold (left hand)
 i - a ring of ice
 k - an amulet of the acrobat (around neck)
Wands
 r - a wand of paralysis (11)
 x - a wand of quicksilver (12)
Scrolls
 b - 4 scrolls of teleportation
 f - a scroll of magic mapping
 j - a scroll of poison {unknown}
 l - 2 scrolls of identify
 v - a scroll of enchant weapon
Potions
 h - 5 potions of brilliance
 m - 3 potions of mutation
 o - 2 potions of resistance
 q - 6 potions of curing
 s - 3 potions of might
 t - 4 potions of heal wounds
 u - a potion of attraction
 w - 4 potions of flight


   Skills:
 + Level 8.6 Fighting
 * Level 12.2 Axes
 - Level 2.0 Throwing
 + Level 8.1 Armour
 + Level 8.3 Dodging


You had 9 spell levels left.
You didn't know any spells.
Your spell library contained the following spells:

 Spells                   Type           Power      Damage    Failure   Level
 Apportation              Tloc           0%         N/A       97%         1
 Foxfire                  Conj/Fire      0%         2x1d4     97%         1
 Magic Dart               Conj           0%         1d3       97%         1
 Necrotise                Necr           0%         1d4       97%         1
 Sting                    Tmut/Pois      0%         1d3       97%         1
 Summon Small Mammal      Summ           0%         N/A       97%         1
 Ensorcelled Hibernation  Hex/Ice        0%         N/A       99%         2
 Passwall                 Tmut/Erth      0%         N/A       99%         2
 Searing Ray              Conj           0%         2d4       99%         2
 Conjure Flame            Conj/Fire      0%         6-21      100%        3
 Ignite Poison            Fire/Tmut/Pois 0%         N/A       100%        3
 Inner Flame              Hex/Fire       0%         N/A       100%        3
 Mephitic Cloud           Conj/Pois/Air  0%         N/A       100%        3
 Swiftness                Air            0%         N/A       100%        3
 Corpse Rot               Necr/Pois/Air  0%         N/A       100%        4
 Flame Wave               Conj/Fire      0%         2d4       100%        4
 Fulminant Prism          Conj/Hex       0%         3d6       100%        4
 Freezing Cloud           Conj/Ice/Air   0%         6-21      100%        5
 Death Channel            Necr           0%         N/A       100%        6
 Infestation              Necr           0%         N/A       100%        8


Dungeon Overview and Level Annotations

Branches:
Dungeon (8/15)             Temple (1/1) D:7            Lair (0/5) D:8
  Sewer (visited)

Altars:
Dithmenos
Elyvilon
Fedhas
Makhleb
Nemelex Xobeh
Qazlal
Trog
Uskayaw
Vehumet
Xom

Shops:
D:4 (


Innate Abilities, Weirdness & Mutations

You have a pair of horns on your head.
You reflexively headbutt those who attack you in melee.


Message History

You slash the death yak! x2; You slash the yak!
The yak closely misses you. The death yak completely misses you.
The death yak barely misses you. The death yak closely misses you.
You can now merge with and destroy a victim.
You slice the death yak!! You headbutt the death yak! You punch the death yak.
The death yak is severely wounded.
You slash the death yak! x2; You slash the yak!
The death yak gores you but does no damage.
The yak gores you but does no damage. The death yak closely misses you.
The death yak gores you but does no damage.
Unknown command.
You hit the death yak.
The death yak is almost dead.
You barely miss the death yak. x2; You barely miss the yak.
The death yak gores you. The yak gores you but does no damage.
An orc comes into view. It is wielding a +0 whip.
The death yak barely misses you. You furiously retaliate!
You headbutt the death yak.
The death yak gores you but does no damage.
You slash the death yak!
You kill the death yak!
You slash the death yak! You hit the death yak but do no damage.
You hit the yak. The death yak gores you. The yak completely misses you.
The death yak gores you!
* * * LOW HITPOINT WARNING * * *
Your Axes skill increases to level 12!
Your Armour skill increases to level 8!
You slice the yak!!
The yak is heavily wounded.
You barely miss the death yak. You hit the death yak. You slash the yak!
You kill the yak!
You barely miss the yak.
The yak is heavily wounded.
You hit the death yak but do no damage. x2; The death yak gores you!!
* * * LOW HITPOINT WARNING * * *
The yak misses you. The death yak gores you.
* * * LOW HITPOINT WARNING * * *
You hit the yak. Your headbutt misses the yak.
The yak is heavily wounded.
You hit the death yak. x2; You hit the yak.
The death yak gores you.
You die...

#..... ....#
#....> ....
.#..... ....
.......#...#
....o.... .#
......†.##.#
........r..#
......rrYYY#
......###@##
.....# #.Y#
..... #..#
..#. ##..# .
# .....
####.. ....
... ..


You could see 2 death yaks, 2 yaks, a hell rat, a river rat, an orc and a rat.

Vanquished Creatures
  A death yak (D:8)
  Maggie (D:6)
  Grinder (D:3)
  A hornet (D:7)
  Sigmund (D:2)
  A wyvern (D:4)
  4 yaks (D:8)
  Edmund (D:5)
  2 black bears
  2 orc warriors
  3 sky beasts
  2 ogres
  A centaur (D:5)
  A phantom (D:4)
  A gnoll sergeant (D:7)
  4 bullfrogs
  5 scorpions
  2 necrophages (D:6)
  3 wights (D:4)
  A hound (D:5)
  3 orc priests
  Crazy Yiuf (D:2)
  A jelly (D:4)
  5 iguanas
  Natasha (thrice) (D:3)
  5 orc wizards
  Terence (D:3)
  A mummy (D:7)
  10 gnolls
  8 adders
  7 river rats
  A shadow imp (D:6)
  4 ufetubi
  2 worms (D:5)
  2 dart slugs
  29 orcs
  22 ball pythons
  9 bats
  7 endoplasms
  5 giant cockroaches
  14 goblins
  19 hobgoblins
  4 jackals (D:1)
  16 kobolds
  4 quokkas
  6 frilled lizards
  38 rats
265 creatures vanquished.

Vanquished Creatures (collateral kills)
  Blork the orc (D:5)
  An orc (D:5)
2 creatures vanquished.

Vanquished Creatures (others)
  A fungus (D:2)
  A plant (D:4)
2 creatures vanquished.

Grand Total: 269 creatures vanquished

Notes
Turn   | Place    | Note
-------+----------+-------------------------------------------
     0 | D:1      | Nedwor the Minotaur Gladiator began the quest for the Orb.
     0 | D:1      | Reached XP level 1. HP: 18/18 MP: 0/0
   328 | D:1      | Reached XP level 2. HP: 25/25 MP: 1/1
   343 | D:1      | Reached skill level 4 in Axes
   376 | D:1      | Reached skill level 1 in Armour
   467 | D:1      | Reached XP level 3. HP: 30/30 MP: 2/2
  1156 | D:2      | Found a runed translucent door.
  1157 | D:2      | Noticed Crazy Yiuf
  1183 | D:2      | Noticed Sigmund
  1197 | D:2      | Killed Sigmund
  1198 | D:2      | Reached skill level 5 in Axes
  1198 | D:2      | Reached XP level 4. HP: 19/40 MP: 3/3
  1198 | D:2      | Reached XP level 5. HP: 22/46 MP: 4/4
  1394 | D:2      | Found a shimmering altar of Xom.
  1408 | D:2      | Found a faded altar of an unknown god.
  1463 | D:2      | Reached XP level 6. HP: 27/52 MP: 5/5
  1466 | D:2      | Reached skill level 6 in Axes
  1915 | D:2      | Killed Crazy Yiuf
  2108 | D:3      | Found a glowing drain.
  2121 | Sewer    | Entered a sewer
  2687 | Sewer    | Reached XP level 7. HP: 37/60 MP: 6/6
  2688 | Sewer    | Reached skill level 5 in Dodging
  2838 | D:3      | Noticed Terence
  2843 | D:3      | Killed Terence
  2844 | D:3      | Reached skill level 7 in Axes
  3241 | D:3      | Noticed Natasha
  3248 | D:3      | Killed Natasha
  3294 | D:3      | Noticed Grinder
  3303 | D:3      | Paralysed by Grinder for 4 turns
  3307 | D:3      | Killed Grinder
  3308 | D:3      | Reached skill level 5 in Fighting
  3576 | D:3      | Noticed Natasha
  3579 | D:3      | Killed Natasha
  3726 | D:3      | Noticed Natasha
  3733 | D:3      | Killed Natasha
  3902 | D:4      | Reached skill level 8 in Axes
  3902 | D:4      | Reached XP level 8. HP: 58/69 MP: 7/7
  4016 | D:4      | Reached skill level 5 in Armour
  4694 | D:4      | Identified the +4 trident of the Oracle {drain, rElec rF-
                  | Int+5}
  4772 | D:4      | Identified the +2 ring mail "Cugec" {+Inv rC- Str+7}
  4900 | D:4      | Reached skill level 9 in Axes
  5118 | D:4      | Found Boynib's Weapon Emporium.
  5553 | D:5      | Entered Level 5 of the Dungeon
  5999 | D:5      | Noticed Blork the orc
  6002 | D:5      | Reached XP level 9. HP: 48/78 MP: 8/8
  6011 | D:5      | Killed Blork the orc
  6240 | D:5      | Noticed Edmund
  6257 | D:5      | Killed Edmund
  6258 | D:5      | Reached skill level 10 in Axes
  7306 | D:6      | Found a bloodstained altar of Trog.
  7433 | D:6      | Noticed Maggie
  7448 | D:6      | Killed Maggie
  8142 | D:6      | Reached skill level 11 in Axes
  8608 | D:7      | Found a staircase to the Ecumenical Temple.
  8630 | Temple   | Entered the Ecumenical Temple
  8895 | Temple   | Became a worshipper of Uskayaw the Reveller
  9071 | D:7      | Reached * piety under Uskayaw
  9091 | D:7      | Reached ** piety under Uskayaw
  9261 | D:7      | Got the Folio of Septic Exhumation
  9466 | D:7      | Paralysed by a hornet for 3 turns
  9472 | D:7      | Reached XP level 10. HP: 65/88 MP: 9/9
  9767 | D:8      | Noticed a death yak
  9768 | D:8      | Found a staircase to the Lair.
  9768 | D:8      | Noticed a death yak
  9769 | D:8      | Noticed a death yak
  9778 | D:8      | Reached *** piety under Uskayaw
  9779 | D:8      | Reached **** piety under Uskayaw
  9783 | D:8      | Reached ***** piety under Uskayaw
  9786 | D:8      | Killed a death yak
  9787 | D:8      | Reached skill level 12 in Axes
  9787 | D:8      | Reached ****** piety under Uskayaw
  9788 | D:8      | HP: 3/90 [death yak (3)]
  9789 | D:8      | Slain by a death yak

Illustrated notes

Levels and vault maps discovered:
D:1:      dpeg_arrival_court, layout_basic
D:2:      layout_rooms, basic_altar, basic_ecumenical_altar, uniq_sigmund,
          uniq_crazy_yiuf_cottage
D:3:      layout_loops_cross, portal_sewer_entry_b, uniq_terence, uniq_natasha,
          uniq_grinder
D:4:      corexii_shantytown, layout_basic, serial_shops, shop,
          kennysheep_small_square
D:5:      layout_basic, uniq_blork_the_orc, uniq_edmund
D:6:      layout_rooms, trog_three_pillars_becter,
          chequers_serial_rivers_room_b, nrook_uturn,
          wad_floor_pattern_untrapped, uniq_maggie
D:7:      layout_loops_ring, minmay_temple_entry_arrows,
          gup_ossuary_entry_pyramid
D:8:      layout_layer_cave, nicolae_wu_jian_glorious_leap, dpeg_lair_monsters,
          enter_bailey_5
Temple:   nicolae_temple_bog_church

Skill      XL: |  1  2  3  4  5  6  7  8  9 10 |
---------------+-------------------------------+-----
Axes           | 4 5 6 8 9 11 12 | 12.2
Armour         | 1 2 3 4 6 7 8 |  8.1
Fighting       | 3 4 5 6 8 |  8.6
Dodging        | 4 5 6 7 8 |  8.3
Throwing       | |  2.0

Action                   |  1- 3 |  4- 6 |  7- 9 | 10-12 || total
-------------------------+-------+-------+-------+-------++-------
Melee: War axe           |    81 |   134 |   349 |    19 ||   583
       Headbutt          |     7 |    14 |    69 |     4 ||    94
       Punch             |       |     1 |     5 |     1 ||     7
  Use: Scroll            |       |       |    21 |       ||    21
       Potion            |       |       |     1 |     1 ||     2
 Stab: Paralysed         |       |       |       |     2 ||     2
Armor: Leather armour    |    22 |       |       |       ||    22
       Chain mail        |     3 |   106 |   164 |    12 ||   285
Dodge: Dodged            |    59 |    91 |   162 |    17 ||   329

Table legend: (Time is in decaauts)
 A = Elapsed time spent in this place.
 B = Non-inter-level travel time spent in this place.
 C = Inter-level travel time spent in this place.
 D = Time resting spent in this place.
 E = Time spent auto-exploring this place.
 F = Levels seen in this place.
 G = Mean time per level.
                   A        B        C        D        E       F      G
               +--------+--------+--------+--------+--------+-----+--------+
         Total |   9893 |   9692 |    201 |   1238 |   7176 |  10 |  989.3 |
       Dungeon |   8841 |   8653 |    188 |   1238 |   6329 |   8 | 1105.1 |
        Temple |    273 |    260 |     13 |      0 |    258 |   1 |  273.0 |
         Sewer |    777 |    777 |      0 |      0 |    588 |   1 |  777.0 |
               +--------+--------+--------+--------+--------+-----+--------+

Top non-repeatable levels by time:
     D:4: 1669 daAuts
     D:5: 1474 daAuts
     D:6: 1344 daAuts
     D:3: 1207 daAuts
     D:7: 1120 daAuts
     D:2: 1100 daAuts
     D:1: 905 daAuts
   Sewer: 777 daAuts
  Temple: 273 daAuts
     D:8: 20 daAuts
